 Dungeon Crawl Stone Soup version 0.25-b1-46-gb8a1ec05df (webtiles) character file.

Game seed: 6390920016888403147

62 Angani the Digger (level 3, -2/26 HPs)
             Began as a Demigod Earth Elementalist on June 11, 2020.
             Slain by a gnoll
             ... wielding a +2 halberd of venom
              (17 damage)
             ... on level 1 of the Dungeon.
             The game lasted 00:02:58 (1502 turns).

Angani the Digger (Demigod Earth Elementalist)      Turns: 1502, Time: 00:02:58

Health: -2/26      AC:  3    Str: 11    XL:     3   Next: 60%
Magic:  18/18      EV: 12    Int: 21    God:
Gold:   158        SH:  0    Dex: 16    Spells: 6/7 levels left

rFire    . . .     SeeInvis .   m - +0 quarterstaff
rCold    . . .     Gourm    .   (shield currently unavailable)
rNeg     . . .     Faith    .   c - +0 robe
rPois    +         Spirit   .   (no helmet)
rElec    .         Reflect  .   e - +0 cloak
rCorr    .         Harm     .   (no gloves)
MR       .....                  (no boots)
Stlth    ++........             (no amulet)
HPRegen  0.08/turn              j - ring of magical power
MPRegen  0.16/turn              k - ring of poison resistance

@: no status effects
A: high mp 1
a: no special abilities


You were on level 1 of the Dungeon.
You were hungry.

You visited 1 branch of the dungeon, and saw 2 of its levels.

You collected 158 gold pieces.

Inventory:

Hand Weapons
 m - a +0 quarterstaff (weapon)
Missiles
 b - 26 stones (quivered)
Armour
 c - a +0 robe (worn)
 e - a +0 cloak (worn)
Jewellery
 j - a ring of magical power (left hand)
 k - a ring of poison resistance (right hand)
 o - a +4 ring of protection
Scrolls
 f - a scroll of identify {unknown}
 h - a scroll of immolation {unknown}
 i - a scroll of enchant armour {unknown}
Potions
 a - a potion of cancellation {unknown}
 g - a potion of berserk rage {unknown}
 n - a potion of mutation {unknown}
Comestibles
 d - 3 rations
 l - 2 chunks of flesh


   Skills:
 - Level 1.7 Dodging
 - Level 1.7 Stealth
 + Level 2.8 Spellcasting
   Level 0.8 Transmutations
 + Level 3.6 Earth Magic


You had 6 spell levels left.
You knew the following spells:

 Your Spells              Type           Power        Failure   Level  Hunger
a - Sandblast             Erth           ###...       3%          1    None

Your spell library contained the following spells:

 Spells                   Type           Power        Failure   Level  Hunger
 Passwall                 Tmut/Erth      ##......     9%          2    ##.....
 Stone Arrow              Conj/Erth      ##....       19%         3    ###....
 Petrify                  Tmut/Erth      ##......     47%         4    ####...
 Lee's Rapid Deconstruct  Erth           ###.......   63%         5    ######.


Dungeon Overview and Level Annotations

Branches:
Dungeon (2/15)


Innate Abilities, Weirdness & Mutations

You have an increased reservoir of magic. (+10% MP)


Message History

You feel sick.
You are no longer poisoned.
The leopard gecko barely misses you. The leopard gecko closely misses you.
The leopard gecko bites you but does no damage.
The leopard gecko bites you.
* * * LOW HITPOINT WARNING * * *
The leopard gecko bites you but does no damage.
Some of the chunks of flesh in your inventory have rotted away.
Casting: Sandblast (safe; 3% risk of failure)
Confirm with . or Enter, or press ? or * to list all spells.
Aiming: Sandblast (safe; 3% risk of failure)
Press: ? - help, Shift-Dir - straight line, f - leopard gecko
Aim: a leopard gecko The blast of sand hits the leopard gecko!
You kill the leopard gecko!
b - 26 stones The gnoll hits you from afar with a +2 halberd of venom!
Ouch! That really hurt!
You die...

###############
########........g....###
#.....).......@#####...#
#.###.##.##.##.........#
#># #.#...#.########...#
#.# #.......# #..##
###.###.....#.# ###..#
.........#.##.# ##....#
####.##.##.##.### #....##
........##)##...###....##
####.#####.##.#.#.......###


You could see a gnoll.

Vanquished Creatures
  2 adders (D:2)
  An ooze (D:1)
  2 dart slugs
  2 leopard geckos (D:1)
  A ball python (D:1)
  2 giant cockroaches
  5 goblins
  3 hobgoblins
  A quokka (D:2)
  7 bats
  2 frilled lizards
  2 kobolds (D:1)
  3 rats
33 creatures vanquished.

Notes
Turn   | Place    | Note
-------+----------+-------------------------------------------
     0 | D:1      | Angani the Demigod Earth Elementalist began the quest for
                  | the Orb.
     0 | D:1      | Reached XP level 1. HP: 14/14 MP: 5/5
   216 | D:1      | Reached skill level 3 in Earth Magic
   276 | D:1      | Reached XP level 2. HP: 20/20 MP: 2/7
   864 | D:2      | Reached XP level 3. HP: 25/26 MP: 9/9
  1502 | D:1      | Slain by a gnoll

Illustrated notes

Levels and vault maps discovered:
D:1:      lightli_arrival_windingriver, layout_loops_ring
D:2:      layout_basic

Skill      XL: |  1 |
---------------+----+-----
Spellcasting   | 2 |  2.8
Earth Magic    | 3 |  3.6
Dodging        | |  1.7
Stealth        | |  1.7
Transmutations | |  0.8

Action                   || total
-------------------------++-------
Melee: Unarmed           ||     1
       Quarterstaff      ||    16
 Cast: Sandblast         ||    34
 Stab: Sleeping          ||     2
  Eat: Chunk             ||     1
Armor: Robe              ||     6
Dodge: Dodged            ||    31
